 Dungeon Sprint DCSS version 0.23-a0-488-g5fd82c5 (webtiles) character file.

58 JosiahThimblerig the Caller (level 4, -1/30 HPs)
             Began as a Merfolk Summoner on Dec 1, 2018.
             Killed from afar by Sigmund (8 damage)
             ... with a puff of flame
             ... in the Dungeon (Sprint I: "Red Sonja").
             The game lasted 00:04:07 (122 turns).

JosiahThimblerig the Caller (Merfolk Summoner)       Turns: 122, Time: 00:04:07

Health: -1/30      AC:  2    Str:  8    XL:     4   Next: 2%
Magic:  2/9        EV: 14    Int: 15    God:
Gold:   0          SH:  0    Dex: 14    Spells: 8/9 levels left

rFire    . . .     SeeInvis .   b - +0 dagger
rCold    . . .     Gourm    .   (no shield)
rNeg     . . .     Faith    .   a - +0 robe
rPois    .         Spirit   .   (no helmet)
rElec    .         Reflect  .   (no cloak)
rCorr    .         Harm     .   (no gloves)
MR       .....     NoTele   +   (no boots)
Stlth    ++........             (no amulet)
HPRegen  0.10/turn              (no ring)
MPRegen  0.11/turn              (no ring)

@: no status effects
A: change form in water, swift swim, stealthy swim
a: no special abilities


You were in the Dungeon.
You were not hungry.

You visited 1 branch

Inventory:

Hand Weapons
 b - a +0 dagger (weapon)
 k - a +0 giant spiked club
Armour
 a - a +0 robe (worn)
 e - a +0 leather armour
Scrolls
 i - a scroll of blinking
Potions
 d - a potion of curing
 f - a potion of haste
 g - 2 potions of magic
 h - a potion of berserk rage
Comestibles
 c - a ration
 j - 4 chunks of flesh


   Skills:
 + Level 4.4 Dodging
 + Level 3.3 Stealth
 + Level 0.4 Unarmed Combat
 + Level 3.3 Spellcasting
 + Level 7.0 Summonings


You had 8 spell levels left.
You knew the following spells:

 Your Spells              Type           Power        Failure   Level  Hunger
a - Summon Small Mammal   Summ           ###.         1%          1    None

Your spell library contained the following spells:

 Spells                   Type           Power        Failure   Level  Hunger
 Call Imp                 Summ           ###.....     1%          2    ##.....
 Call Canine Familiar     Summ           ###.....     3%          3    ###....
 Summon Guardian Golem    Hex/Summ       ##......     14%         3    ###....
 Summon Ice Beast         Ice/Summ       ##......     41%         4    ####...
 Summon Lightning Spire   Summ/Air       ##......     41%         4    ####...


Dungeon Overview and Level Annotations

Branches:
Dungeon (1/1)

Altars:

Annotations:
D Sigmund


Message History

* * * LOW HITPOINT WARNING * * *
There is an open door, spattered with blood here.
You swap places.
Your bat hits Sigmund but does no damage.
Sigmund misses your bat.
You see here an ogre skeleton.
Unknown command.
Your bat hits Sigmund.
Your bat hits Sigmund but does no damage.
Your bat closely misses Sigmund.
Sigmund flickers, as though insubstantial.
Sigmund misses your bat.
Your bat hits Sigmund but does no damage.
Your bat hits Sigmund but does no damage.
Your bat barely misses Sigmund.
Your bat hits Sigmund but does no damage.
Your bat barely misses Sigmund.
Sigmund gestures at you while chanting. The puff of flame hits you!
You die...

#############
#<.#.@'@b#..+
#..'.b#..'..#
#..#####+####
#..# #..#
#..# #⌠⌠#
####


You could see Sigmund and 2 friendly bats.

Vanquished Creatures (collateral kills)
  An ogre (D)
  Ijyb (D)
2 creatures vanquished.

Notes
Turn   | Place    | Note
-------+----------+-------------------------------------------
     0 | D        | JosiahThimblerig the Merfolk Summoner began the quest for
                  | the Orb.
     0 | D        | Reached XP level 1. HP: 13/13 MP: 3/3
     1 | D        | Noticed Ijyb
    36 | D        | Killed Ijyb
    36 | D        | Reached skill level 5 in Summonings
    36 | D        | Reached XP level 2. HP: 16/19 MP: 1/5
    76 | D        | Noticed an ogre
    90 | D        | Killed an ogre
    90 | D        | Reached skill level 7 in Summonings
    90 | D        | Reached XP level 3. HP: 24/24 MP: 1/7
    90 | D        | Reached XP level 4. HP: 30/30 MP: 1/9
   101 | D        | Noticed Sigmund
   122 | D        | Killed from afar by Sigmund

Vault maps used:
D:        dungeon_sprint_1

Skill      XL: |  1  2 |
---------------+-------+-----
Dodging        | 3 4 |  4.4
Summonings     | 5 7 |  7.0
Stealth        | 3 |  3.3
Spellcasting   | 3 |  3.3
Unarmed Combat | |  0.4

Action                   |  1- 3 |  4- 6 || total
-------------------------+-------+-------++-------
Melee: Unarmed           |    24 |       ||    24
 Cast: Summon Small Mamm |     8 |     2 ||    10
  Use: Potion            |     1 |       ||     1
 Stab: Distracted        |     1 |       ||     1
Dodge: Dodged            |    13 |     4 ||    17

Table legend:
 A = Non-vault XP
 B = Vault XP
 C = Vault XP percentage of total XP
 D = Non-vault monster count
 E = Vault monster count
 F = Vault count percentage of total count
                 A         B        C        D         E       F
            +---------+---------+-------+---------+---------+-------
      Total |       0 |      84 | 100.0 |       0 |       2 | 100.0
            +---------+---------+-------+---------+---------+-------
          D |       0 |      84 | 100.0 |       0 |       2 | 100.0
            +---------+---------+-------+---------+---------+-------
